| TOP OF THE 1ST |
|
Washington (APP) Nationals batting - Pitching for Johnson City Cardinals : RHP Casey Cogdill
|
|
Pitching: RHP Casey Cogdill
|
|
|
Batting: RHB John Savard
|
0-0: Ball 1-0: Reached on error, E3 (Groundball, 34, EV 104.4 MPH)
|
|
Batting: RHB Nick Moreno
|
0-0: Called Strike 0-1: Foul Ball, location: 2F 0-2: Strikes out looking
|
|
Batting: RHB Jared Speck
|
0-0: Called Strike John Savard steals 3rd base 0-1: Ball 1-1: Foul Ball, location: 2F 1-2: Foul Ball, location: 2F 1-2: Ball 2-2: Strikes out swinging
|
|
Batting: RHB Kevin Whitenack
|
0-0: Ball 1-0: Ball 2-0: Foul Ball, location: 2F 2-1: Foul Ball, location: 2F 2-2: Foul Ball, location: 2F 2-2: Ball 3-2: Fly out, F6 (Popup, 6, EV 55.0 MPH)
|
| Top of the 1st over - 0 runs, 0 hits, 1 error, 1 left on base; Washington (APP) 0 - Johnson City 0 |
| BOTTOM OF THE 1ST |
|
Johnson City Cardinals batting - Pitching for Washington (APP) Nationals : RHP Gary Simmons
|
|
Pitching: RHP Gary Simmons
|
|
|
Batting: SHB Hank Arias
|
0-0: Called Strike 0-1: Fly out, F5 (Flyball, 5D, EV 83.8 MPH)
|
|
Batting: RHB Josh Broome
|
0-0: Ball 1-0: SINGLE (Line Drive, 3D, EV 94.4 MPH)
|
|
Batting: RHB Mike Zimmerly
|
0-0: Ball Josh Broome steals 2nd, throwing error, E2 Josh Broome to third 1-0: Ground out 3-1 (Groundball, 34S, EV 70.6 MPH) Josh Broome scores
|
|
Batting: RHB Chris Norris
|
0-0: Ball 1-0: Swinging Strike 1-1: Ball 2-1: Foul Ball, location: 2F 2-2: Foul Ball, location: 2F 2-2: Foul Ball, location: 2F 2-2: Ball 3-2: Base on Balls
|
|
Batting: RHB Immel Kamuzu
|
0-0: Ball Chris Norris is caught stealing 2nd base 2-4
|
| Bottom of the 1st over - 1 run, 1 hit, 1 error, 0 left on base; Washington (APP) 0 - Johnson City 1 |
| TOP OF THE 2ND |
|
Washington (APP) Nationals batting - Pitching for Johnson City Cardinals : RHP Casey Cogdill
|
|
Batting: RHB Jon Buscher
|
0-0: DOUBLE (Groundball, 3L, EV 95.0 MPH)
|
|
Batting: RHB Jesus Malave
|
0-0: Ball 1-0: Foul Ball, location: 2F 1-1: Foul Ball, location: 2F 1-2: Ball 2-2: Strikes out swinging
|
|
Batting: RHB Derek Moran
|
0-0: Called Strike 0-1: Ball 1-1: Ground out 6-3 (Groundball, 6, EV 88.1 MPH)
|
|
Batting: RHB Naofumi Ishida
|
0-0: Ball 1-0: Swinging Strike 1-1: Called Strike 1-2: Ground out U3 (Groundball, 34, EV 104.4 MPH)
|
| Top of the 2nd over - 0 runs, 1 hit, 0 errors, 1 left on base; Washington (APP) 0 - Johnson City 1 |
| BOTTOM OF THE 2ND |
|
Johnson City Cardinals batting - Pitching for Washington (APP) Nationals : RHP Gary Simmons
|
|
Batting: RHB Immel Kamuzu
|
0-0: Swinging Strike 0-1: Foul Ball, location: 2F 0-2: Ball 1-2: Ball 2-2: Strikes out swinging
|
|
Batting: RHB Vic Nelson
|
0-0: Reached on error, E6 (Groundball, 6, EV 105.0 MPH)
|
|
Batting: RHB Chris Jones
|
0-0: Called Strike 0-1: SINGLE (Groundball, 34D, EV 111.9 MPH) Vic Nelson to second Runner from 2nd tries for 3rd, SAFE, throw by RF made to third
|
|
Batting: RHB Herbert Loveless
|
0-0: Foul Ball, location: 2F 0-1: Foul Ball, location: 2F 0-2: Strikes out swinging
|
|
Batting: RHB Sebastian Fisk
|
0-0: Ball 1-0: Foul Ball, location: 2F 1-1: Fly out, F7 (Flyball, 7LM, EV 90.0 MPH)
|
| Bottom of the 2nd over - 0 runs, 1 hit, 1 error, 2 left on base; Washington (APP) 0 - Johnson City 1 |
| TOP OF THE 3RD |
|
Washington (APP) Nationals batting - Pitching for Johnson City Cardinals : RHP Casey Cogdill
|
|
Batting: RHB Brian Walker
|
0-0: Called Strike 0-1: Ball 1-1: Called Strike 1-2: Foul Ball, location: 2F 1-2: Ground out 6-3 (Groundball, 6, EV 82.5 MPH)
|
|
Batting: RHB John Savard
|
0-0: Ball 1-0: SINGLE (Line Drive, 34, EV 103.8 MPH)
|
|
Batting: RHB Nick Moreno
|
0-0: Called Strike John Savard steals 2nd base 0-1: DOUBLE (Flyball, 8RXD, EV 98.8 MPH) John Savard scores
|
|
Batting: RHB Jared Speck
|
0-0: Called Strike 0-1: Ball 1-1: Called Strike 1-2: Strikes out swinging
|
|
Batting: RHB Kevin Whitenack
|
0-0: Called Strike 0-1: Ball 1-1: Foul Ball, location: 2F 1-2: Ball 2-2: Foul Ball, location: 2F 2-2: Ball 3-2: Ground out 4-3 (Groundball, 4, EV 108.1 MPH)
|
| Top of the 3rd over - 1 run, 2 hits, 0 errors, 1 left on base; Washington (APP) 1 - Johnson City 1 |
| BOTTOM OF THE 3RD |
|
Johnson City Cardinals batting - Pitching for Washington (APP) Nationals : RHP Gary Simmons
|
|
Batting: SHB Hank Arias
|
0-0: Foul Ball, location: 2F 0-1: Called Strike 0-2: Ball 1-2: Foul Ball, location: 2F 1-2: Ball 2-2: Ball 3-2: Strikes out swinging
|
|
Batting: RHB Josh Broome
|
0-0: Called Strike 0-1: SOLO HOME RUN (Flyball, 78XD, EV 113.8 MPH), Distance : 451 ft
|
|
Batting: RHB Mike Zimmerly
|
0-0: Called Strike 0-1: Ball 1-1: Called Strike 1-2: Ball 2-2: Ball 3-2: Foul Ball, location: 2F 3-2: Base on Balls
|
|
Batting: RHB Chris Norris
|
0-0: Foul Ball, location: 2F 0-1: Ball Mike Zimmerly is caught stealing 2nd base 2-4 1-1: Called Strike 1-2: Foul Ball, location: 2F 1-2: Reached on error, E3 (Groundball, 34, EV 84.4 MPH)
|
|
Batting: RHB Immel Kamuzu
|
0-0: Ball 1-0: Ball 2-0: Foul Ball, location: 2F 2-1: Called Strike 2-2: Ball Chris Norris steals 2nd base 3-2: Fly out, F4 (Popup, 34, EV 73.8 MPH)
|
| Bottom of the 3rd over - 1 run, 1 hit, 1 error, 1 left on base; Washington (APP) 1 - Johnson City 2 |
| TOP OF THE 4TH |
|
Washington (APP) Nationals batting - Pitching for Johnson City Cardinals : RHP Casey Cogdill
|
|
Batting: RHB Jon Buscher
|
0-0: Called Strike 0-1: Ball 1-1: Foul Ball, location: 2F 1-2: Ball 2-2: Strikes out looking
|
|
Batting: RHB Jesus Malave
|
0-0: Swinging Strike 0-1: Swinging Strike 0-2: Ball 1-2: Foul Ball, location: 2F 1-2: Ball 2-2: Ball 3-2: Strikes out looking
|
|
Batting: RHB Derek Moran
|
0-0: Ball 1-0: Called Strike 1-1: Foul Ball, location: 2F 1-2: Foul Ball, location: 2F 1-2: Strikes out swinging
|
| Top of the 4th over - 0 runs, 0 hits, 0 errors, 0 left on base; Washington (APP) 1 - Johnson City 2 |
| BOTTOM OF THE 4TH |
|
Johnson City Cardinals batting - Pitching for Washington (APP) Nationals : RHP Gary Simmons
|
|
Batting: RHB Vic Nelson
|
0-0: Ball 1-0: Ball 2-0: Ball 3-0: Called Strike 3-1: Swinging Strike 3-2: Foul Ball, location: 2F 3-2: Ground out 6-3 (Groundball, 6, EV 86.9 MPH)
|
|
Batting: RHB Chris Jones
|
0-0: Ball 1-0: Ball 2-0: Ball 3-0: Base on Balls
|
|
Batting: RHB Herbert Loveless
|
0-0: Called Strike 0-1: Swinging Strike 0-2: Strikes out swinging
|
|
Batting: RHB Sebastian Fisk
|
0-0: Ball 1-0: Called Strike 1-1: Foul Ball, location: 2F 1-2: Ball 2-2: Foul Ball, location: 2F 2-2: Strikes out swinging
|
| Bottom of the 4th over - 0 runs, 0 hits, 0 errors, 1 left on base; Washington (APP) 1 - Johnson City 2 |
| TOP OF THE 5TH |
|
Washington (APP) Nationals batting - Pitching for Johnson City Cardinals : RHP Casey Cogdill
|
|
Batting: RHB Naofumi Ishida
|
0-0: Called Strike 0-1: Fly out, F6 (Popup, 6, EV 71.9 MPH)
|
|
Batting: RHB Brian Walker
|
0-0: Ball 1-0: Called Strike 1-1: Ball 2-1: Swinging Strike 2-2: Foul Ball, location: 2F 2-2: Foul Ball, location: 2F 2-2: Ball 3-2: Foul Ball, location: 2F 3-2: DOUBLE (Line Drive, 78D, EV 108.8 MPH)
|
|
Pitching: LHP Brian Rhyne
|
|
|
Batting: RHB John Savard
|
0-0: SINGLE (Line Drive, 8LS, EV 91.9 MPH) Brian Walker to third
|
|
Batting: RHB Nick Moreno
|
0-0: Called Strike 0-1: Ball 1-1: Ball 2-1: Ground out 5-3 (Groundball, 56S, EV 68.8 MPH) John Savard to second
|
|
Batting: RHB Jared Speck
|
0-0: Ball 1-0: Ball 2-0: Called Strike 2-1: SINGLE (Line Drive, 7LS, EV 103.8 MPH) Brian Walker scores John Savard to third Runner from 3rd tries for Home, SAFE, throw by LF to home Jared Speck to second
|
|
Batting: RHB Kevin Whitenack
|
0-0: Ball 1-0: 2-RUN HOME RUN (Flyball, 7LD, EV 93.8 MPH), Distance : 350 ft
|
|
Pitching: RHP Winston Tepper
|
|
|
Batting: RHB Jon Buscher
|
0-0: Ground out 4-3 (Groundball, 4, EV 87.5 MPH)
|
| Top of the 5th over - 4 runs, 4 hits, 0 errors, 0 left on base; Washington (APP) 5 - Johnson City 2 |
| BOTTOM OF THE 5TH |
|
Johnson City Cardinals batting - Pitching for Washington (APP) Nationals : RHP Gary Simmons
|
|
Pitching: RHP Chris Lawrence
|
|
|
Batting: SHB Hank Arias
|
0-0: Swinging Strike 0-1: Ball 1-1: Ball 2-1: Swinging Strike 2-2: DOUBLE (Line Drive, 9LS, EV 105.6 MPH)
|
|
Batting: RHB Josh Broome
|
0-0: Called Strike Hank Arias steals 3rd base 0-1: Foul Ball, location: 2F 0-2: Fly out, F7 (Flyball, 78D, EV 90.6 MPH)
|
|
Batting: RHB Mike Zimmerly
|
0-0: Hit by Pitch
|
|
Batting: RHB Chris Norris
|
0-0: Ball Mike Zimmerly is caught stealing 2nd base 2-4 1-0: Foul Ball, location: 2F 1-1: Called Strike 1-2: Ball 2-2: Strikes out looking
|
| Bottom of the 5th over - 0 runs, 1 hit, 0 errors, 1 left on base; Washington (APP) 5 - Johnson City 2 |
| TOP OF THE 6TH |
|
Washington (APP) Nationals batting - Pitching for Johnson City Cardinals : RHP Winston Tepper
|
|
Batting: RHB Jesus Malave
|
0-0: Swinging Strike 0-1: Ball 1-1: Called Strike 1-2: SINGLE (Line Drive, 89M, EV 96.3 MPH)
|
|
Batting: RHB Derek Moran
|
0-0: Ball 1-0: Ball Jesus Malave steals 2nd, throwing error, E2 Jesus Malave to third 2-0: Fly out, F7 (Line Drive, 7, EV 89.4 MPH)
|
|
Batting: RHB Naofumi Ishida
|
0-0: Intentional Walk
|
|
Batting: RHB Brian Walker
|
0-0: Swinging Strike 0-1: Foul Ball, location: 2F 0-2: Ball Naofumi Ishida is caught stealing 2nd base 2-4 1-2: Foul Ball, location: 2F 1-2: Ball 2-2: Ball 3-2: Strikes out swinging
|
| Top of the 6th over - 0 runs, 1 hit, 1 error, 1 left on base; Washington (APP) 5 - Johnson City 2 |
| BOTTOM OF THE 6TH |
|
Johnson City Cardinals batting - Pitching for Washington (APP) Nationals : RHP Chris Lawrence
|
|
Batting: RHB Immel Kamuzu
|
0-0: Called Strike 0-1: Foul Ball, location: 2F 0-2: Ball 1-2: Fly out, F9 (Flyball, 89S, EV 91.9 MPH)
|
|
Batting: RHB Vic Nelson
|
0-0: Called Strike 0-1: Ball 1-1: Foul Ball, location: 2F 1-2: Ball 2-2: Strikes out swinging
|
|
Batting: RHB Chris Jones
|
0-0: Ground out 2-3 (Groundball, 15S, EV 69.4 MPH)
|
| Bottom of the 6th over - 0 runs, 0 hits, 0 errors, 0 left on base; Washington (APP) 5 - Johnson City 2 |
| TOP OF THE 7TH |
|
Washington (APP) Nationals batting - Pitching for Johnson City Cardinals : RHP Winston Tepper
|
|
Batting: RHB John Savard
|
0-0: Ball 1-0: Called Strike 1-1: SINGLE (Groundball, 34D, EV 100.0 MPH)
|
|
Batting: RHB Nick Moreno
|
0-0: Called Strike 0-1: Ball John Savard steals 2nd base 1-1: Swinging Strike 1-2: Strikes out swinging
|
|
Batting: RHB Jared Speck
|
0-0: Intentional Walk
|
|
Batting: RHB Kevin Whitenack
|
0-0: Ball 1-0: Called Strike 1-1: Called Strike 1-2: Foul Ball, location: 2F 1-2: Foul Ball, location: 2F 1-2: Ball 2-2: Ball 3-2: Foul Ball, location: 2F 3-2: Base on Balls John Savard to third Jared Speck to second
|
|
Batting: RHB Jon Buscher
|
0-0: Called Strike 0-1: Swinging Strike 0-2: Ball 1-2: Fly out, F7 (Flyball, 7S, EV 90.6 MPH)
|
|
Pitching: LHP Carlos Salcido
|
|
|
Batting: RHB Jesus Malave
|
0-0: Foul Ball, location: 2F 0-1: Ball 1-1: Foul Ball, location: 2F 1-2: Foul Ball, location: 2F 1-2: Foul Ball, location: 2F 1-2: SINGLE (Groundball, 56D, EV 110.0 MPH) John Savard scores Jared Speck to third Kevin Whitenack to second Runner from 3rd tries for Home, throw by LF and OUT! 7-2
|
| Top of the 7th over - 1 run, 2 hits, 0 errors, 2 left on base; Washington (APP) 6 - Johnson City 2 |
| BOTTOM OF THE 7TH |
|
Johnson City Cardinals batting - Pitching for Washington (APP) Nationals : RHP Chris Lawrence
|
|
Batting: RHB Herbert Loveless
|
0-0: Ball 1-0: Fly out, F7 (Flyball, 78S, EV 79.4 MPH)
|
|
Batting: RHB Sebastian Fisk
|
0-0: Foul Ball, location: 2F 0-1: Foul Ball, location: 2F 0-2: Ball 1-2: SINGLE (Groundball, 4S, EV 64.4 MPH) (infield hit)
|
|
Batting: SHB Hank Arias
|
0-0: Ball 1-0: Called Strike 1-1: Swinging Strike 1-2: Fly out, F8 (Flyball, 8LXD, EV 110.0 MPH)
|
|
Batting: RHB Josh Broome
|
0-0: Swinging Strike 0-1: Ball 1-1: Ball Sebastian Fisk steals 2nd base 2-1: Swinging Strike 2-2: Ball 3-2: Base on Balls
|
|
Pitching: LHP Mike Montgomery
|
|
|
Batting: RHB Mike Zimmerly
|
0-0: Ball 1-0: Ball 2-0: Called Strike 2-1: Ball 3-1: Called Strike 3-2: Foul Ball, location: 2F 3-2: Ground out 4-3 (Groundball, 4S, EV 85.6 MPH)
|
| Bottom of the 7th over - 0 runs, 1 hit, 0 errors, 2 left on base; Washington (APP) 6 - Johnson City 2 |
| TOP OF THE 8TH |
|
Washington (APP) Nationals batting - Pitching for Johnson City Cardinals : LHP Carlos Salcido
|
|
Batting: RHB Derek Moran
|
0-0: Called Strike 0-1: Ball 1-1: Swinging Strike 1-2: Strikes out looking
|
|
Batting: RHB Naofumi Ishida
|
0-0: Ground out U3 (Groundball, 34, EV 101.9 MPH)
|
|
Batting: RHB Brian Walker
|
0-0: Called Strike 0-1: Swinging Strike 0-2: Strikes out looking
|
| Top of the 8th over - 0 runs, 0 hits, 0 errors, 0 left on base; Washington (APP) 6 - Johnson City 2 |
| BOTTOM OF THE 8TH |
|
Johnson City Cardinals batting - Pitching for Washington (APP) Nationals : LHP Mike Montgomery
|
|
Batting: RHB Chris Norris
|
0-0: Foul Ball, location: 2F 0-1: Fly out, F8 (Flyball, 8RXD, EV 95.6 MPH)
|
|
Batting: RHB Immel Kamuzu
|
0-0: Called Strike 0-1: Ball 1-1: Ball 2-1: Foul Ball, location: 2F 2-2: Ball 3-2: Base on Balls
|
|
Batting: RHB Vic Nelson
|
0-0: Called Strike 0-1: Ball 1-1: Swinging Strike 1-2: Grounds out, U3 (Groundball, 3L, EV 93.8 MPH)
|
|
Batting: RHB Chris Jones
|
0-0: Ball 1-0: Called Strike 1-1: Ball 2-1: Ball 3-1: Foul Ball, location: 2F 3-2: Fly out, F6 (Line Drive, 6, EV 63.1 MPH)
|
| Bottom of the 8th over - 0 runs, 0 hits, 0 errors, 1 left on base; Washington (APP) 6 - Johnson City 2 |
| TOP OF THE 9TH |
|
Washington (APP) Nationals batting - Pitching for Johnson City Cardinals : LHP Carlos Salcido
|
|
Batting: RHB John Savard
|
0-0: Called Strike 0-1: Fly out, F7 (Flyball, 7S, EV 86.9 MPH)
|
|
Batting: RHB Nick Moreno
|
0-0: Ball 1-0: Foul Ball, location: 2F 1-1: Hit by Pitch
|
|
Batting: RHB Jared Speck
|
0-0: Called Strike Nick Moreno is caught stealing 2nd base 2-4 0-1: Foul Ball, location: 2F 0-2: Ground out 5-3 (Groundball, 56S, EV 61.9 MPH)
|
| Top of the 9th over - 0 runs, 0 hits, 0 errors, 0 left on base; Washington (APP) 6 - Johnson City 2 |
| BOTTOM OF THE 9TH |
|
Johnson City Cardinals batting - Pitching for Washington (APP) Nationals : LHP Mike Montgomery
|
|
Pitching: RHP Brian Walker
|
|
|
Batting: RHB Herbert Loveless
|
0-0: Foul Ball, location: 2F 0-1: Called Strike 0-2: Ball 1-2: Ball 2-2: Strikes out looking
|
|
Batting: RHB Sebastian Fisk
|
0-0: Foul Ball, location: 2F 0-1: Called Strike 0-2: Ball 1-2: Ball 2-2: Foul Ball, location: 2F 2-2: Foul Ball, location: 2F 2-2: Strikes out swinging
|
|
Batting: SHB Hank Arias
|
0-0: Swinging Strike 0-1: Ball 1-1: Ball 2-1: Ball 3-1: Base on Balls
|
|
Batting: RHB Josh Broome
|
0-0: Foul Ball, location: 2F 0-1: Foul Ball, location: 2F 0-2: Reached on error, E4 (Groundball, 4S, EV 91.9 MPH) Hank Arias to second
|
|
Pitching: RHP Jason Beck
|
|
|
Batting: RHB Mike Zimmerly
|
0-0: Called Strike 0-1: Ground out U3 (Groundball, 3, EV 88.8 MPH)
|
| Bottom of the 9th over - 0 runs, 0 hits, 1 error, 2 left on base; Washington (APP) 6 - Johnson City 2 |
|